Description

TvT Cyclone build

Replay - Catalyst LE (TvT) SALTKING Learn

Build Order

Get SALT Encoding   

  12  0:00  SCV  
  13  0:12  SCV  
  14  0:18  Supply Depot  
  14  0:25  SCV  
  15  0:29  Refinery  
  15  0:40  SCV  
  16  0:45  Barracks  
  16  0:52  SCV  
  17  1:04  SCV  
  18  1:16  SCV  
  19  1:31  Orbital Command  
  20  1:32  Reaper  
  20  1:43  Command Center  
  20  1:55  Factory  
  20  1:58  SCV  
  21  2:07  Barracks Reactor  
  21  2:10  SCV, Refinery  
  22  2:18  Supply Depot  
  22  2:22  SCV  
  24  2:49  Cyclone, Hellion  
  29  2:56  Supply Depot  
  29  2:58  Orbital Command  
  30  3:16  Cyclone  
  34  3:21  Cyclone  
  38  3:29  Engineering Bay  
  41  3:48  Cyclone  
  46  3:56  Cyclone  
  46  3:59  Supply Depot  
  50  4:04  Missile Turret x2  
  51  4:16  Refinery x2  
  52  4:22  Supply Depot  
  53  4:25  Cyclone  
  59  4:44  Command Center  
  61  4:55  Cyclone x2  
  68  5:05  Barracks Tech Lab  
  69  5:07  Factory  
  69  5:26  Factory  
  69  5:34  Barracks Tech Lab  
  71  5:36  Armory x2  
  71  5:40  Hellion  
  73  5:48  Hellion  
  78  6:04  Orbital Command  
  76  6:05  Siege Tank  
  80  6:16  Hellion x2, Barracks Tech Lab  
  81  6:31  Orbital Command  
  82  6:34  Siege Tank x2  
  82  6:38  Hellion x2  
  94  6:41  Terran Vehicle Weapons Level 1  
  94  6:42  Terran Vehicle And Ship Armor Level 1  
  98  7:06  Refinery x2  
  99  7:09  Factory x2  
  99  7:11  Siege Tank  
  104  7:18  Barracks Tech Lab  
  102  7:24  Siege Tank  
  102  7:25  Hellion x2  
  110  7:45  Missile Turret x2  
  110  7:57  Siege Tank x2  
  117  7:58  Hellion  
  116  8:18  Siege Tank  
  122  8:24  Missile Turret  
  120  8:52  Missile Turret  
  120  9:01  Siege Tank x2  
Spawning Tool Build Advisor. Get it on Overwolf

Go to:

Details

  • Created by: silverhorn  
  • Published on: Jul 07, 2018
  • Modified on: Jul 07, 2018
  • Patch: 4.0.0
Show
View Real Time Build Order
Export as new Build Order

Comments (0)

There are no comments. Be the first!

Create an account to comment!